 Dungeon Crawl Stone Soup version 0.32-a0-999-gfa1cc04b1d (webtiles) character file.

Game seed: 5557602781105148260

639 GiantSquids the Covert (level 7, -3/46 HPs)
             Began as an Octopode Delver on Apr 25, 2024.
             Slain by Pikel
             ... wielding a +2 whip of electrocution
              (13 damage)
             ... on level 4 of the Dungeon.
             The game lasted 00:10:45 (3354 turns).

GiantSquids the Covert (Octopode Delver)            Turns: 3354, Time: 00:10:46

Health: -3/46      AC:  1    Str: 11    XL:     7   Next: 51%
Magic:  7/7        EV: 12    Int: 13    God:
Gold:   207        SH:  0    Dex: 15    Spells: 6/6 levels left

rFire   . . .        k - +2 dagger (venom)
rCold   . . .        (no shield)
rNeg    . . .        (helmet restricted)
rPois   .            (no amulet)
rElec   .            (no ring)
rCorr   .            (no ring)
SInv    .            (no ring)
Will    .....        (no ring)
Stlth   +++++        (no ring)
HPRegen 0.27/turn    (no ring)
MPRegen 0.10/turn    (no ring)
                     (no ring)

%: no passive effects
@: no status effects
A: almost no armour, amphibious, 8 rings, camouflage 1, gelatinous body 1,
(nimble swimmer 1), tentacles
a: no special abilities


You were on level 4 of the Dungeon.
You visited 1 branch of the dungeon, and saw 5 of its levels.
You also visited: Sewer.

You collected 207 gold pieces.

Inventory:

Hand Weapons
 k - a +2 dagger of venom (weapon)
Missiles
 l - 30 poisoned darts (quivered)
 m - 3 javelins
Jewellery
 i - a ring of magical power
Talismans
 r - a beast talisman
Wands
 f - a wand of digging (10)
Scrolls
 a - a scroll of brand weapon {unknown}
 b - 5 scrolls of fog
 c - 3 scrolls of revelation
 d - 2 scrolls of fear
 h - 4 scrolls of identify {unknown}
 n - 2 scrolls of vulnerability {unknown}
 o - 2 scrolls of enchant weapon {unknown}
 s - a scroll of poison {unknown}
 t - a scroll of amnesia {unknown}
 u - a scroll of noise {unknown}
 v - a scroll of enchant armour {unknown}
 x - a scroll of blinking {unknown}
Potions
 e - 2 potions of haste
 g - a potion of degeneration {unknown}
 j - 2 potions of invisibility {unknown}
 p - 2 potions of curing {unknown}
 q - 2 potions of heal wounds {unknown}
 w - a potion of enlightenment {unknown}
 z - a potion of attraction {unknown}
 A - a potion of resistance {unknown}


   Skills:
 - Level 3.0 Fighting
 * Level 6.7 Short Blades
 - Level 2.0 Dodging
 + Level 9.4 Stealth


You had 6 spell levels left.
You didn't know any spells.
Your spell library contained the following spells:

 Spells                   Type           Power      Damage    Failure   Level
 Sandblast                Erth           0%         2d4       30%         1
 Call Canine Familiar     Summ           0%         N/A       67%         3
 Passwall                 Erth           0%         N/A       67%         3
 Sigil of Binding         Hex            0%         N/A       67%         3
 Stone Arrow              Conj/Erth      0%         3d7       67%         3
 Summon Ice Beast         Ice/Summ       0%         N/A       67%         3
 Animate Dead             Necr           0%         N/A       97%         4
 Dimensional Bullseye     Hex/Tloc       0%         N/A       97%         4
 Borgnjor's Vile Clutch   Necr/Erth      0%         N/A       100%        5
 Summon Mana Viper        Hex/Summ       0%         N/A       100%        5
 Death Channel            Necr           0%         N/A       100%        6
 Monstrous Menagerie      Summ           0%         N/A       100%        7


Dungeon Overview and Level Annotations

Branches:
Dungeon (5/15)              Sewer (visited)
 Temple: D:4-7

Altars:

Annotations:
D:4 Pikel, Sigmund


Innate Abilities, Weirdness & Mutations

You cannot wear most types of armour.
You are amphibious.
You can wear up to eight rings at the same time.
Your skin changes colour to match your surroundings (Stealth+).
Your rubbery body absorbs attacks. (AC +1, EV +1)
((You are camouflaged when in or above water. (Stealth+)))
You have tentacles for arms and can constrict up to eight enemies at once.


Message History

You constrict the lemure.
You kill the lemure!
That felt strangely unrewarding.
You barely miss Pikel. Your grab misses Pikel.
Pikel hits you with a +2 whip of electrocution!
You hit Pikel but do no damage.
Pikel is poisoned.
You grab Pikel. You constrict Pikel. You hit Pikel.
Pikel looks even sicker.
Pikel is lightly wounded.
You constrict Pikel. Pikel barely misses you.
You hit Pikel.
Pikel is moderately wounded.
You constrict Pikel.
Pikel hits you with a +2 whip of electrocution.
You hit Pikel but do no damage.
Pikel is moderately wounded.
You constrict Pikel. You hit Pikel but do no damage.
Pikel is moderately wounded.
You constrict Pikel. Pikel closely misses you.
You hit Pikel.
Pikel looks as sick as possible!
Pikel is heavily wounded.
You constrict Pikel.
Pikel hits you with a +2 whip of electrocution.
You hit Pikel but do no damage.
Pikel looks as sick as possible!
Pikel is severely wounded.
You constrict Pikel. You hit Pikel but do no damage.
Pikel is severely wounded.
You constrict Pikel.
Pikel hits you with a +2 whip of electrocution!
* * * LOW HITPOINT WARNING * * *
You hit Pikel.
Pikel looks as sick as possible!
You squeeze Pikel.
Pikel is almost dead.
You constrict Pikel.
Pikel hits you with a +2 whip of electrocution.
* * * LOW HITPOINT WARNING * * *
You are electrocuted!
You die...
Pikel says, "Another soul for the market."

#.......).##..[..#
#####.##### #.# ####.#
#.# ##.##.### ##.##
........#######...####
................$....+
....###.#######...####
.#..# #.# ##K##
.##.###.# #@#
.##.....# #.#
.##.###.# ..#
........# #.##
###.##### #. #.# #. #
#.# #. ###.# #. ....#


You could see Pikel (extremely poisoned).

Vanquished Creatures
  A black bear (D:5)
  4 lemures
  2 kobold brigands (Sewer)
  2 brain worms (Sewer)
  A hound (D:5)
  An orc wizard (D:4)
  4 gnolls (D:2)
  4 river rats (Sewer)
  5 adders
  2 ribbon worms
  9 orcs
  13 endoplasms
  3 giant cockroaches
  8 goblins
  5 hobgoblins
  3 jackals
  2 quokkas
  4 ball pythons
  7 bats
  7 frilled lizards
  9 kobolds
  7 rats
103 creatures vanquished.

Notes
Turn   | Place    | Note
-------+----------+-------------------------------------------
     0 | D:5      | GiantSquids the Octopode Delver began the quest for the
                  | Orb.
     0 | D:5      | Reached XP level 1. HP: 16/16 MP: 1/1
    26 | D:5      | Noticed a hound
    33 | D:5      | Killed a hound
    34 | D:5      | Reached skill level 7 in Stealth
    34 | D:5      | Reached XP level 2. HP: 21/21 MP: 2/2
    34 | D:5      | Reached XP level 3. HP: 26/26 MP: 3/3
    53 | D:5      | Noticed a black bear
    57 | D:5      | Killed a black bear
    58 | D:5      | Reached XP level 4. HP: 31/31 MP: 4/4
    58 | D:5      | Reached XP level 5. HP: 36/36 MP: 5/5
   206 | D:5      | Found a glowing drain.
   258 | Sewer    | Entered a sewer
   319 | Sewer    | Noticed a kobold brigand
   335 | Sewer    | Killed a kobold brigand
   336 | Sewer    | Reached skill level 8 in Stealth
   467 | Sewer    | Reached skill level 5 in Short Blades
   501 | Sewer    | Reached XP level 6. HP: 42/42 MP: 6/6
   897 | Sewer    | Reached skill level 9 in Stealth
   897 | Sewer    | Reached XP level 7. HP: 39/46 MP: 5/7
  1071 | D:4      | Noticed Sigmund
  1121 | D:3      | Found a faded altar of an unknown god.
  3230 | D:4      | Noticed Pikel
  3354 | D:4      | Slain by Pikel

Illustrated notes

Levels and vault maps discovered:
D:1:      ldierk_walled_garden, layout_loops_ring, minmay_tripent
D:2:      layout_rooms
D:3:      layout_basic, hellmonk_ecumenical_altar_slurped_away,
          nicolae_kite_square_tiling_tiny, hangedman_decor_points,
          grunt_decor_clamped, minmay_misc_feat_square
D:4:      layout_loops_corners, chequers_temple_overflow_statue_of_worship,
          hangedman_abyss_or_decor_stabs, nicolae_shop_gadgets, uniq_natasha,
          uniq_pikel, uniq_sigmund
D:5:      layout_basic, mainiacjoe_overflow_alcove_2,
          cheibrodos_sewer_entry_sluice, st_stairs_14

Skill      XL: |  1  2  3  4  5  6 |
---------------+-------------------+-----
Short Blades   | 3 4 5 6 |  6.7
Stealth        | 7 8 9 |  9.4
Fighting       | |  3.0
Dodging        | |  2.0

Action                     |  1- 3 |  4- 6 |  7- 9 || total
---------------------------+-------+-------+-------++-------
  Melee: Short sword       |     2 |    33 |       ||    35
         Constrict         |       |    33 |    29 ||    62
         Tentacles         |       |    33 |    27 ||    60
         Dagger            |       |    68 |   132 ||   200
   Stab: Sleeping          |     2 |     5 |    21 ||    28
 Armour: Skin              |       |    22 |    39 ||    61
  Dodge: Dodged            |       |    25 |    50 ||    75

Table legend: (Time is in decaauts)
 A = Elapsed time spent in this place.
 B = Non-inter-level travel time spent in this place.
 C = Inter-level travel time spent in this place.
 D = Time resting spent in this place.
 E = Time spent auto-exploring this place.
 F = Levels seen in this place.
 G = Mean time per level.
                   A        B        C        D        E       F      G
               +--------+--------+--------+--------+--------+-----+--------+
         Total |   3286 |   3218 |     68 |    380 |   1567 |   6 |  547.7 |
       Dungeon |   2521 |   2453 |     68 |    260 |   1291 |   5 |  504.2 |
         Sewer |    765 |    765 |      0 |    120 |    276 |   1 |  765.0 |
               +--------+--------+--------+--------+--------+-----+--------+

Top non-repeatable levels by time:
   Sewer: 765 daAuts
     D:3: 748 daAuts
     D:1: 620 daAuts
     D:2: 577 daAuts
     D:5: 288 daAuts
     D:4: 286 daAuts
